Map: Kairos Junction LE

Players

Astrea - Winner!

  • Race: Protoss Protoss
  • League: Grandmaster
  • Spawn Location: 5:00

ROGMeomaika (MeomaikA)

  • Race: Zerg Zerg
  • League: Master
  • Spawn Location: 11:00

Event: 2019 WCS Winter Americas

VOD

Have the link to the VOD?

Description

Time

  • Played on: Feb. 8, 2019, 3:07 p.m.
  • Length: 6:28

All games in this series

Show
View Real Time Build Order
Export as new Build Order

Astrea Protoss - Winner!

Build Orders: 1 Gate Expand, Phoenix Opening 

Get SALT Encoding   

  12  0:00  Probe  
  13  0:12  Probe  
  14  0:17  Pylon  
  14  0:24  Probe  
  15  0:32  Probe  
  15  0:36  Gateway  
  15  0:40  Probe  
  16  0:46  Assimilator  
  17  0:50  Probe  
  18  0:58  Probe  
  18  0:59  Assimilator  
  19  1:06  Probe  
  20  1:17  Probe  
  21  1:27  Nexus  
  21  1:37  Cybernetics Core  
  21  1:41  Probe  
  21  1:46  Assimilator  
  22  1:52  Pylon  
  22  1:56  Probe  
  23  2:04  Adept  
  23  2:10  Probe  
  23  2:14  Warp Gate  
  26  2:23  Probe  
  26  2:25  Stalker  
  27  2:35  Probe  
  30  2:40  Probe  
  31  2:47  Probe  
  31  2:49  Robotics Facility  
  32  2:52  Probe  
  32  2:54  Sentry  
  35  2:59  Probe  
  35  3:04  Probe  
  37  3:11  Probe  
  38  3:16  Probe  
  39  3:23  Probe  
  39  3:24  Gateway  
  39  3:25  Gateway  
  40  3:28  Immortal, Probe  
  40  3:31  Phoenix  
  40  3:33  Pylon  
  43  3:35  Probe  
  46  3:45  Assimilator  
  46  3:47  Assimilator  
  46  3:51  Probe x2  
  48  3:59  Warp Prism  
  48  4:03  Probe x2  
  48  4:05  Sentry  
  48  4:07  Pylon  
  54  4:18  Pylon  
  54  4:24  Immortal  
  54  4:25  Probe x2  
  54  4:27  Sentry x2  
  54  4:28  Sentry  
  62  4:31  Pylon  
  66  4:40  Gateway x2  
  66  4:50  Gateway  
  66  4:53  Gateway  
  66  4:55  Immortal  
  66  4:57  Gateway  
  70  5:09  Sentry x2  
  70  5:11  Sentry  
  76  5:16  Pylon  
  76  5:20  Pylon  
  76  5:26  Pylon  
  76  5:31  Observer  
  76  5:32  Pylon  
  77  5:49  Zealot  
  79  5:50  Zealot x6  
  89  6:14  Zealot x7  
Show
View Real Time Build Order
Export as new Build Order

ROGMeomaika Zerg 

Build Orders: 3 Hatch before Pool 

Get SALT Encoding   

  12  0:00  Drone  
  13  0:08  Drone  
  14  0:16  Overlord  
  14  0:20  Extractor  
  13  0:23  Drone  
  15  0:35  Drone x2  
  17  0:55  Drone  
  18  1:06  Drone  
  19  1:11  Hatchery  
  19  1:18  Drone  
  19  1:28  Drone  
  19  1:41  Hatchery, Spawning Pool  
  19  1:42  Drone  
  19  1:46  Extractor  
  17  1:47  Drone  
  17  1:51  Drone  
  19  1:59  Drone  
  20  2:10  Overlord  
  20  2:23  Drone x2  
  20  2:28  Queen x2  
  26  2:32  Drone  
  26  2:34  Drone  
  28  2:43  Zergling x2  
  29  2:45  Metabolic Boost  
  29  2:46  Drone  
  30  2:52  Overlord  
  30  2:53  Zergling x2  
  30  2:56  Drone  
  32  3:04  Spore Crawler  
  31  3:08  Spore Crawler, Drone  
  31  3:12  Drone  
  32  3:14  Drone  
  32  3:17  Drone  
  32  3:19  Drone  
  35  3:25  Overlord  
  35  3:28  Drone  
  35  3:32  Drone x2  
  37  3:35  Drone  
  37  3:37  Drone  
  37  3:38  Drone  
  40  3:42  Drone x2  
  40  3:46  Drone x2  
  44  3:50  Drone  
  44  3:53  Drone x2  
  44  3:55  Extractor  
  46  4:00  Roach Warren  
  46  4:01  Drone  
  46  4:05  Overlord  
  46  4:10  Drone x3  
  46  4:13  Overlord  
  49  4:17  Lair  
  49  4:21  Overlord  
  49  4:26  Zergling x4  
  49  4:27  Zergling x4  
  49  4:29  Zergling x2  
  49  4:30  Zergling x2  
  55  4:40  Roach x4  
  55  4:41  Roach  
  55  4:43  Roach  
  55  4:44  Zergling x2  
  68  4:46  Zergling x2  
  68  4:47  Zergling x2  
  68  4:50  Zergling x4  
  68  4:51  Zergling x2  
  73  4:57  Overlord x2  
  73  4:58  Zergling x2  
  74  5:13  Overlord  
  74  5:19  Zergling x14  
  81  5:23  Zergling x8  
  81  5:24  Zergling x2  
  81  5:28  Overlord  
  85  5:31  Extractor  
  85  5:32  Extractor  
  85  5:34  Ravager  
  83  5:36  Ravager x4  
  83  5:38  Zergling x4  
  83  5:40  Zergling x2  
  83  5:41  Ravager  
  92  5:43  Zergling x2  
  92  5:44  Zergling x4  
  92  5:45  Zergling x2  
  92  5:47  Zergling x2  
  96  5:50  Zergling x2  
  96  5:51  Zergling x4  
  96  5:52  Zergling x2  
  91  6:05  Zergling x2  
  91  6:06  Zergling x6  
  91  6:09  Zergling x2  
Tags
 
Add a new tag
Caveats
  • Supply blocks, unpowered buildings, or Contaminate may cause inaccurate times.
  • Supply counts are checked every 10 seconds.